Map: Ephemeron LE

Players

SpaceMarine

  • Race: Protoss Protoss
  • Spawn Location: 5:00

Marsman - Winner!

  • Race: Protoss Protoss
  • Spawn Location: 11:00

Event: IEM Katowice 2020

VOD

Have the link to the VOD?

Description

Time

  • Played on: Feb. 25, 2020, 4:54 a.m.
  • Length: 7:48

All games in this series

Show
View Real Time Build Order
Export as new Build Order

SpaceMarine Protoss 

Build Orders:  

Get SALT Encoding   

  12  0:00  Probe  
  13  0:12  Probe  
  14  0:17  Pylon  
  14  0:24  Probe (Chrono Boost)  
  15  0:37  Probe (Chrono Boost)  
  15  0:38  Gateway  
  16  0:44  Probe (Chrono Boost)  
  16  0:46  Assimilator  
  17  0:51  Probe  
  17  0:55  Assimilator  
  18  1:03  Probe (Chrono Boost)  
  19  1:10  Gateway  
  19  1:12  Probe (Chrono Boost)  
  19  1:17  Probe (Chrono Boost)  
  20  1:25  Cybernetics Core  
  21  1:29  Probe  
  22  1:34  Pylon  
  22  1:41  Probe  
  23  2:02  Stalker  
  23  2:04  Warp Gate, Sentry  
  27  2:24  Pylon  
  27  2:25  Shield Battery  
  27  2:36  Nexus, Stalker  
  29  2:42  Stalker  
  31  2:48  Pylon  
  31  2:58  Robotics Facility  
  31  3:01  Pylon  
  31  3:07  Probe  
  32  3:17  Shield Battery  
  32  3:19  Probe  
  33  3:31  Probe  
  34  3:37  Shield Battery  
  34  3:43  Probe  
  34  3:44  Immortal (Chrono Boost)  
  34  3:45  Shield Battery  
  39  3:55  Stalker  
  41  4:01  Stalker  
  42  4:04  Probe  
  43  4:14  Observer (Chrono Boost)  
  44  4:18  Probe  
  45  4:25  Immortal (Chrono Boost)  
  45  4:30  Probe  
  50  4:31  Probe  
  51  4:42  Probe  
  51  4:43  Probe  
  53  4:54  Probe, Warp Prism (Chrono Boost)  
  53  4:55  Probe  
  57  5:01  Twilight Council  
  57  5:08  Adept  
  57  5:09  Adept  
  61  5:18  Pylon  
  61  5:19  Probe  
  62  5:22  Pylon  
  62  5:36  Probe x2  
  62  5:39  Assimilator  
  62  5:40  Adept x2  
  62  5:41  Assimilator  
  68  5:43  Resonating Glaives (Chrono Boost)  
  68  5:48  Probe x2  
  68  5:49  Forge  
  70  6:00  Probe  
  68  6:18  Probe x2  
  68  6:23  Adept x2  
  71  6:30  Probe, Gateway  
  71  6:32  Gateway x2  
  72  6:33  Templar Archives  
  72  6:35  Gateway  
  72  6:37  Pylon  
  72  6:50  Probe x2  
  74  6:54  Adept x2  
  78  7:06  Shield Battery  
  78  7:07  Shield Battery  
  78  7:18  Pylon  
  78  7:19  Pylon  
  78  7:20  Pylon  
  78  7:23  Pylon  
  76  7:33  Pylon  
  62  7:43  Adept  
Show
View Real Time Build Order
Export as new Build Order

Marsman Protoss - Winner!

Build Orders:  

Get SALT Encoding   

  12  0:00  Probe  
  13  0:12  Probe  
  14  0:17  Pylon  
  14  0:25  Probe  
  15  0:35  Gateway  
  15  0:37  Probe (Chrono Boost)  
  16  0:43  Assimilator  
  16  0:49  Probe (Chrono Boost)  
  17  0:52  Assimilator  
  17  0:55  Probe (Chrono Boost)  
  18  1:04  Probe (Chrono Boost)  
  19  1:09  Gateway  
  19  1:14  Probe (Chrono Boost)  
  20  1:19  Probe  
  21  1:27  Cybernetics Core  
  21  1:31  Probe  
  22  1:43  Probe, Pylon  
  23  2:01  Warp Gate (Chrono Boost)  
  23  2:03  Adept x2  
  23  2:06  Probe  
  28  2:16  Pylon  
  28  2:33  Adept  
  28  2:34  Adept  
  32  2:40  Probe, Shield Battery  
  32  3:01  Nexus  
  32  3:13  Adept x2  
  36  3:22  Probe  
  37  3:29  Robotics Facility  
  37  3:34  Probe  
  37  3:36  Pylon  
  38  3:49  Probe  
  38  3:55  Stalker x2  
  43  4:05  Pylon  
  43  4:07  Probe  
  42  4:19  Probe  
  43  4:28  Probe, Immortal (Chrono Boost)  
  48  4:33  Sentry x2  
  48  4:36  Probe  
  53  4:40  Shield Battery  
  53  4:46  Probe  
  53  4:48  Probe  
  55  4:56  Twilight Council  
  55  4:58  Probe  
  56  5:00  Probe  
  56  5:04  Sentry x2  
  61  5:10  Immortal (Chrono Boost)  
  65  5:16  Probe  
  65  5:18  Probe  
  67  5:24  Pylon  
  67  5:28  Probe, Resonating Glaives (Chrono Boost)  
  68  5:31  Pylon  
  68  5:34  Probe  
  69  5:45  Stalker x2  
  73  5:52  Warp Prism  
  73  5:55  Probe  
  77  5:59  Assimilator  
  76  6:13  Gateway  
  76  6:14  Gateway  
  76  6:18  Probe x2  
  76  6:22  Adept x2  
  80  6:28  Gateway  
  80  6:30  Gateway  
  80  6:36  Probe  
  81  6:42  Pylon  
  81  6:44  Pylon  
  81  6:46  Gateway  
  81  6:50  Adept x2  
  85  7:13  Adept x4  
  93  7:25  Adept x2  
  97  7:34  Adept x2  
  97  7:35  Adept x2  
  93  7:45  Adept x3  

Tags
 
Add a new tag
Caveats
  • Supply blocks, unpowered buildings, or Contaminate may cause inaccurate times.
  • Supply counts are checked every 10 seconds.